Map: Frost LE

Players

Dear - Winner!

  • Race: Protoss Protoss

viOLet

  • Race: Zerg Zerg

Event: 2016 WCS Global Finals

VOD

https://youtu.be/ciBrNc9zptg

Description

Time

  • Played on: Oct. 28, 2016, 3:50 p.m.
  • Length: 14:24

All games in this series

Show
View Real Time Build Order
Export as new Build Order

Dear Protoss - Winner!

Build Orders: 1 Gate Expand 

Get SALT Encoding   

  12  0:00  Probe (Chrono Boost)  
  13  0:11  Probe (Chrono Boost)  
  14  0:17  Pylon  
  14  0:22  Probe (Chrono Boost)  
  15  0:35  Probe (Chrono Boost)  
  16  0:38  Gateway  
  16  0:46  Probe (Chrono Boost)  
  16  0:48  Assimilator  
  17  0:56  Probe (Chrono Boost)  
  18  1:07  Probe (Chrono Boost)  
  19  1:21  Nexus  
  19  1:25  Probe (Chrono Boost)  
  20  1:35  Cybernetics Core  
  20  1:38  Probe (Chrono Boost)  
  21  1:44  Assimilator  
  21  1:48  Probe (Chrono Boost)  
  21  1:52  Pylon  
  22  1:59  Probe (Chrono Boost)  
  23  2:03  Warp Gate  
  23  2:08  Adept  
  23  2:12  Probe (Chrono Boost)  
  27  2:23  Twilight Council  
  27  2:24  Probe (Chrono Boost)  
  27  2:32  Adept  
  27  2:33  Probe (Chrono Boost)  
  27  2:36  Probe (Chrono Boost)  
  30  2:44  Probe (Chrono Boost)  
  31  2:48  Probe (Chrono Boost)  
  31  2:49  Resonating Glaives  
  32  2:55  Probe (Chrono Boost)  
  33  2:58  Adept  
  33  3:01  Probe (Chrono Boost)  
  36  3:09  Gateway  
  36  3:12  Gateway  
  36  3:16  Probe (Chrono Boost)  
  36  3:19  Probe (Chrono Boost)  
  38  3:25  Adept  
  41  3:28  Probe (Chrono Boost)  
  41  3:31  Probe (Chrono Boost)  
  42  3:35  Pylon  
  42  3:40  Probe (Chrono Boost)  
  43  3:43  Probe (Chrono Boost)  
  43  3:45  Robotics Facility  
  44  3:54  Probe x2 (Chrono Boost)  
  46  3:57  Pylon  
  46  4:05  Adept x2, Mothership Core (Chrono Boost)  
  46  4:06  Adept  
  55  4:17  Pylon, Probe (Chrono Boost)  
  55  4:23  Probe (Chrono Boost)  
  56  4:29  Probe (Chrono Boost)  
  56  4:30  Nexus  
  57  4:34  Probe (Chrono Boost)  
  57  4:38  Pylon  
  58  4:44  Probe x2 (Chrono Boost)  
  60  4:50  Sentry x3  
  60  4:52  Assimilator  
  66  4:54  Assimilator  
  66  4:55  Probe (Chrono Boost)  
  66  4:56  Probe (Chrono Boost)  
  64  5:01  Forge  
  64  5:02  Warp Prism  
  64  5:05  Probe (Chrono Boost)  
  64  5:08  Probe (Chrono Boost)  
  64  5:16  Adept x2  
  64  5:17  Adept  
  64  5:20  Probe (Chrono Boost)  
  72  5:22  Probe (Chrono Boost)  
  72  5:27  Pylon  
  72  5:33  Immortal  
  72  5:36  Photon Cannon  
  76  5:44  Protoss Ground Weapons Level 1  
  76  5:45  Stalker x3  
  76  5:48  Probe (Chrono Boost)  
  76  5:49  Probe (Chrono Boost)  
  84  5:50  Probe (Chrono Boost)  
  85  6:00  Probe (Chrono Boost)  
  85  6:01  Probe x2 (Chrono Boost)  
  88  6:09  Immortal  
  88  6:11  Probe x2 (Chrono Boost)  
  90  6:13  Probe (Chrono Boost)  
  89  6:19  Blink  
  89  6:22  Probe x2 (Chrono Boost)  
  88  6:26  Probe (Chrono Boost)  
  86  6:33  Probe (Chrono Boost)  
  86  6:34  Probe (Chrono Boost)  
  86  6:36  Adept x3  
  86  6:38  Probe (Chrono Boost)  
  95  6:45  Assimilator  
  95  6:46  Assimilator  
  97  6:48  Probe x2 (Chrono Boost)  
  97  6:50  Probe (Chrono Boost)  
  97  6:51  Observer  
  97  6:52  Gateway, Pylon  
  99  6:55  Gateway  
  99  6:59  Gateway  
  99  7:04  Gateway  
  99  7:08  Pylon  
  99  7:10  Stalker  
  99  7:19  Sentry  
  99  7:20  Sentry  
  99  7:31  Probe x3 (Chrono Boost)  
  97  7:39  Protoss Ground Weapons Level 2  
  97  7:42  Gateway  
  97  7:43  Probe x2 (Chrono Boost)  
  99  7:48  Sentry  
  99  7:49  Stalker x3  
  99  7:50  Stalker  
  109  7:55  Photon Cannon, Pylon  
  109  8:00  Templar Archives  
  109  8:05  Pylon  
  109  8:07  Charge  
  109  8:21  Adept x7  
  109  8:26  Pylon x2  
  123  8:28  Pylon  
  123  8:30  Pylon  
  123  8:47  High Templar, Pylon  
  123  8:48  High Templar x3  
  131  8:49  Nexus  
  131  8:50  Zealot x2  
  131  8:51  Zealot x2  
  131  8:52  Archon x2  
  139  8:56  Immortal  
  139  8:58  Pylon  
  143  9:09  Photon Cannon  
  139  9:14  High Templar x2, Zealot x2  
  147  9:20  Assimilator, Probe x3 (Chrono Boost)  
  147  9:23  Assimilator  
  150  9:26  Adept x3  
  150  9:27  Adept  
  150  9:30  Immortal  
  162  9:39  Archon, High Templar x2  
  162  9:40  Psionic Storm  
  164  9:58  Stalker x2  
  161  10:09  Zealot x4, Protoss Ground Weapons Level 3  
  161  10:10  Immortal  
  161  10:11  Archon  
  169  10:19  High Templar  
  169  10:20  High Templar  
  177  10:21  Photon Cannon  
  177  10:23  Photon Cannon  
  167  10:44  Zealot x6  
  179  10:51  High Templar  
  179  10:52  High Templar  
  179  10:53  Photon Cannon  
  171  11:05  High Templar x2  
  171  11:06  Zealot x2  
  171  11:07  Zealot x2  
  183  11:17  Archon  
  183  11:30  High Templar x3  
  183  11:31  High Templar, Zealot x2  
  195  11:35  Archon x2  
  195  11:39  Warp Prism  
  193  11:41  Pylon  
  131  12:02  Archon  
  131  12:05  High Templar x2  
  131  12:06  High Templar x2, Zealot x4  
  133  12:09  Gateway  
  133  12:13  Gateway  
  129  12:15  Immortal  
  129  12:21  Archon x2  
  133  12:31  Zealot x2  
  133  12:32  Zealot x2  
  141  12:38  High Templar  
  141  12:39  High Templar x3  
  149  12:46  Photon Cannon  
  149  12:54  Nexus  
  149  13:02  Pylon  
  148  13:15  Zealot x10  
  148  13:19  Observer  
  169  13:35  Zealot x9  
  169  13:36  Zealot  
  169  13:39  Archon x2  
  149  13:43  High Templar  
  149  13:44  High Templar x3  
  138  13:50  Archon x2  
  130  13:56  High Templar x3  
  130  13:57  High Templar  
  130  14:01  Archon x2, High Templar x2  
Show
View Real Time Build Order
Export as new Build Order

viOLet Zerg 

Build Orders: Hatch First 

Get SALT Encoding   

  12  0:00  Drone  
  13  0:12  Overlord  
  13  0:17  Drone  
  14  0:31  Drone x2  
  14  0:35  Drone  
  17  0:52  Hatchery  
  17  0:54  Drone  
  17  0:58  Drone  
  18  1:08  Extractor  
  17  1:14  Spawning Pool  
  17  1:17  Drone  
  17  1:20  Drone  
  18  1:28  Drone  
  19  1:40  Drone  
  20  1:50  Overlord  
  20  2:00  Queen  
  22  2:03  Queen  
  22  2:04  Zergling x4  
  26  2:12  Metabolic Boost  
  26  2:14  Drone  
  27  2:16  Drone  
  28  2:24  Drone  
  28  2:25  Drone  
  30  2:41  Hatchery  
  29  2:47  Overlord  
  29  2:50  Pneumatized Carapace  
  29  2:53  Drone  
  29  2:58  Drone x2  
  32  3:02  Drone  
  32  3:05  Drone x2  
  35  3:13  Drone x2  
  35  3:15  Zergling x4  
  35  3:18  Zergling x2  
  40  3:21  Overlord  
  40  3:24  Drone  
  40  3:26  Drone  
  42  3:30  Queen  
  44  3:40  Drone  
  44  3:41  Drone  
  46  3:43  Drone x4, Extractor  
  49  3:52  Roach Warren  
  49  3:55  Drone x2  
  49  3:59  Drone x2  
  49  4:01  Baneling Nest  
  52  4:06  Overlord x2  
  52  4:11  Zergling x4  
  52  4:14  Spine Crawler  
  52  4:17  Zergling x8  
  54  4:21  Zergling x2  
  58  4:27  Zergling x10  
  61  4:38  Zergling x2  
  61  4:42  Zergling x2  
  63  4:48  Zergling x2  
  63  4:51  Drone x3  
  63  4:52  Drone x5  
  66  4:53  Queen  
  65  5:00  Drone  
  65  5:01  Drone  
  65  5:04  Drone x2  
  65  5:05  Drone x2  
  68  5:13  Drone x2  
  70  5:14  Drone  
  70  5:15  Evolution Chamber  
  70  5:20  Drone  
  69  5:24  Drone  
  69  5:25  Drone x2  
  69  5:26  Roach Warren  
  71  5:29  Baneling x4  
  71  5:35  Hatchery  
  71  5:39  Zergling x6  
  71  5:41  Extractor, Overlord  
  72  5:46  Baneling x4  
  72  5:48  Lair  
  72  5:49  Zerg Melee Weapons Level 1  
  72  5:52  Baneling x5  
  72  5:57  Zergling x2  
  72  5:59  Overlord  
  72  6:00  Zergling x14  
  80  6:05  Zergling x4  
  80  6:10  Zergling x4  
  80  6:12  Zergling x4  
  80  6:13  Zergling x2  
  80  6:15  Zergling x2  
  76  6:30  Overlord x6  
  75  6:45  Glial Reconstitution  
  75  6:47  Queen  
  75  6:48  Centrifical Hooks  
  75  6:49  Drone  
  75  6:50  Drone x3  
  75  6:51  Drone x3  
  75  6:52  Drone x5, Queen  
  91  6:54  Baneling  
  91  6:55  Baneling x4  
  91  7:05  Roach, Zergling x2  
  91  7:06  Roach  
  95  7:08  Roach  
  95  7:09  Zergling x6  
  95  7:10  Zergling x2  
  95  7:13  Roach, Zergling x4  
  104  7:17  Roach  
  104  7:22  Zergling x12  
  106  7:30  Zergling x2  
  106  7:35  Roach x2, Zergling x4  
  110  7:39  Zergling x2  
  111  7:47  Zergling x4, Zerg Melee Weapons Level 2  
  111  7:48  Overlord x2  
  111  7:51  Zergling x2  
  111  7:52  Drone x2  
  113  8:03  Overlord x3  
  113  8:04  Zergling x2  
  114  8:12  Drone x3  
  115  8:16  Ravager x3  
  115  8:19  Zergling x2  
  117  8:20  Zergling x24  
  129  8:36  Drone x6  
  129  8:38  Drone x3  
  135  8:43  Ravager x3, Hatchery  
  135  8:45  Zergling x8  
  135  8:47  Baneling x2  
  141  8:51  Zergling x6  
  144  9:00  Zergling x14  
  149  9:08  Drone x4  
  150  9:10  Baneling x5  
  150  9:13  Overlord x4  
  150  9:16  Drone, Extractor  
  150  9:17  Drone x2  
  152  9:30  Drone x7  
  152  9:31  Drone  
  160  9:32  Extractor  
  160  9:33  Extractor  
  160  9:36  Infestation Pit  
  157  9:41  Drone x5  
  158  9:50  Overlord  
  157  9:54  Spire  
  157  9:59  Zergling x22, Spore Crawler  
  166  10:05  Spine Crawler  
  164  10:07  Zergling x12  
  164  10:09  Baneling  
  164  10:10  Baneling x6  
  169  10:15  Hive  
  169  10:19  Zergling x14  
  176  10:22  Baneling  
  176  10:23  Baneling x7  
  173  10:31  Zergling x14  
  172  10:44  Zergling x10  
  177  10:57  Zergling x24  
  177  10:59  Overlord x2  
  182  11:08  Hatchery  
  182  11:09  Roach  
  182  11:10  Roach x5  
  182  11:11  Mutalisk x2, Overlord  
  196  11:25  Queen  
  194  11:27  Mutalisk  
  194  11:29  Adrenal Glands  
  194  11:30  Zerg Melee Weapons Level 3  
  198  11:34  Baneling x8  
  193  11:40  Zergling x14  
  192  11:51  Zergling x4  
  151  11:54  Zergling x18  
  151  11:56  Zergling x18  
  151  11:59  Zergling x4  
  133  12:01  Zergling x2  
  133  12:02  Zergling x2  
  133  12:04  Zergling x2  
  133  12:05  Zergling x2  
  133  12:06  Zergling x2  
  118  12:08  Zergling x2  
  118  12:10  Zergling x2  
  118  12:15  Zergling x2  
  113  12:27  Greater Spire  
  113  12:34  Hatchery  
  112  12:44  Corruptor x6  
  117  13:19  Zergling x20  
  126  13:21  Zergling x6  
  126  13:22  Zergling x14  
  136  13:28  Spawning Pool  
  117  13:42  Brood Lord x5  
  117  13:48  Brood Lord  
Tags
 
Add a new tag
Caveats
  • Supply blocks, unpowered buildings, or Contaminate may cause inaccurate times.
  • Supply counts are checked every 10 seconds.